 Dungeon Crawl Stone Soup version 0.30.0-18-gc0e69614cb (webtiles) character file.

Game seed: 10110691576297236996

103 monsoonserge the Sneak (level 5, -3/31 HPs)
             Began as a Kobold Brigand on May 25, 2023.
             Slain by an orc
             ... wielding a +0 flail
              (5 damage)
             ... on level 3 of the Dungeon.
             The game lasted 00:05:20 (2925 turns).

monsoonserge the Sneak (Kobold Brigand)             Turns: 2925, Time: 00:05:21

Health: -3/31      AC:  5    Str:  8    XL:     5   Next: 6%
Magic:  5/5        EV: 14    Int: 12    God:
Gold:   92         SH:  0    Dex: 19    Spells: 4/4 levels left

rFire   + . .        a - +2 dagger
rCold   . . .        (no shield)
rNeg    . . .        v - +1 leather armour {rF+}
rPois   .            (no helmet)
rElec   .            c - +0 cloak
rCorr   .            (no gloves)
SInv    .            (no boots)
Will    .....        (no amulet)
Stlth   +++++        (no ring)
HPRegen 0.25/turn    (no ring)
MPRegen 0.09/turn

%: no passive effects
@: attractive, hasted, very quick
A: small, no large weapons, nightstalker 3
a: no special abilities


You were on level 3 of the Dungeon.
You visited 1 branch of the dungeon, and saw 4 of its levels.

You collected 217 gold pieces.
You spent 125 gold pieces at shops.

Inventory:

Hand Weapons
 a - a +2 dagger (weapon)
Missiles
 d - 14 poisoned darts (quivered)
 e - 3 curare-tipped darts
 f - 24 stones
 n - 6 atropa-tipped darts
Armour
 c - a +0 cloak (worn)
 v - a +1 leather armour of fire resistance (worn)
Scrolls
 h - 2 scrolls of identify {unknown}
 m - a scroll of brand weapon {unknown}
 p - a scroll of vulnerability {unknown}
 t - a scroll of teleportation {unknown}
Potions
 g - a potion of might {unknown}
 i - a potion of degeneration {unknown}
 k - a potion of lignification {unknown}
 o - a potion of curing {unknown}
 q - a potion of berserk rage {unknown}
 r - a potion of heal wounds {unknown}
 s - a potion of attraction
 u - a potion of haste


   Skills:
 + Level 2.4 Fighting
 + Level 3.4 Short Blades
 + Level 2.3 Throwing
 * Level 0.9 Armour
 + Level 1.8 Dodging
 + Level 7.1 Stealth


You had 4 spell levels left.
You didn't know any spells.
Your spell library contained the following spells:

 Spells                   Type           Power      Damage    Failure   Level
 Beastly Appendage        Tmut           0%         N/A       43%         1
 Wereblood                Tmut           0%         N/A       56%         2
 Spider Form              Tmut/Pois      0%         N/A       80%         3


Dungeon Overview and Level Annotations

Branches:
Dungeon (4/15)
 Temple: D:4-7

Altars:
Ashenzari

Shops:
D:3 [


Innate Abilities, Weirdness & Mutations

You are small and have problems with some larger weapons.
You are completely attuned to the shadows.


Message History

You hit the orc but do no damage.
The orc is lightly wounded.
The orc misses you. The orc hits you with a +0 flail.
The orc barely misses you.
You hit the orc.
The orc is heavily wounded.
The orc barely misses you. The orc hits you but does no damage. x2
You closely miss the orc.
The orc is heavily wounded.
The orc misses you. The orc closely misses you.
The orc hits you but does no damage.
You closely miss the orc.
The orc is heavily wounded.
You hit the orc.
The orc is almost dead.
The orc closely misses you. x2; The orc misses you.
You closely miss the orc.
The orc is almost dead.
The orc barely misses you. The orc hits you with a +0 flail!
The orc hits you with a +0 whip.
You hit the orc but do no damage.
The orc is almost dead.
The orc misses you. The orc hits you with a +0 flail!
* * * LOW HITPOINT WARNING * * *
The orc hits you but does no damage.
You closely miss the orc.
The orc is almost dead.
The orc closely misses you. The orc misses you.
The orc hits you with a +0 whip.
* * * LOW HITPOINT WARNING * * *
It was a potion of attraction.
You feel attractive to monsters. The orc hits you but does no damage.
The orc misses you. The orc closely misses you.
It was a potion of haste.
You feel yourself speed up. The orc barely misses you. The orc misses you.
The orc hits you with a +0 whip.
* * * LOW HITPOINT WARNING * * *
It was a potion of magic.
Magic courses through your body. The orc closely misses you.
The orc hits you with a +0 flail.
You die...

#......## #........#.# #..#....#
###..#######.#.....##.###.##.#.##
#..........##...###........###
#.############'## #####.#### #.#
#.# #.# #.# #.# #.# #.# ##.## #.#
#.###########o..## #.#
#............o@o.# #.#
############....#######.######
#.................#
###.#.###.)...###.#
#.#.#####_#####.##
#...###.....###..#
#.#..............#
#.####^.######...# #.# ##..##
#.###


You could see 3 orcs.

Vanquished Creatures
  An orc wizard (D:3)
  2 adders
  An ufetubus (D:3)
  A worm (D:2)
  5 dart slugs
  3 orcs (D:3)
  3 ball pythons
  3 endoplasms
  4 giant cockroaches
  3 goblins (D:1)
  4 hobgoblins
  4 kobolds
  A quokka (D:2)
  A bat (D:1)
  A frilled lizard (D:3)
  A rat (D:2)
38 creatures vanquished.

Notes
Turn   | Place    | Note
-------+----------+-------------------------------------------
     0 | D:1      | monsoonserge the Kobold Brigand began the quest for the
                  | Orb.
     0 | D:1      | Reached XP level 1. HP: 12/12 MP: 1/1
   429 | D:1      | Reached XP level 2. HP: 17/17 MP: 2/2
   910 | D:2      | Reached skill level 6 in Stealth
  1054 | D:2      | Reached XP level 3. HP: 21/21 MP: 3/3
  1961 | D:3      | Reached XP level 4. HP: 26/27 MP: 4/4
  2032 | D:3      | Found a faded altar of an unknown god.
  2049 | D:3      | Reached skill level 7 in Stealth
  2352 | D:3      | Found a broken altar of Ashenzari.
  2515 | D:3      | Reached XP level 5. HP: 31/31 MP: 5/5
  2735 | D:3      | Found Yjoss's Antique Armour Boutique.
  2858 | D:3      | Bought a runed leather armour for 125 gold pieces
  2924 | D:3      | HP: 1/31 [orc/+0 whip (1)]
  2925 | D:3      | Slain by an orc

Illustrated notes

Levels and vault maps discovered:
D:1:      dpeg_arrival_signposts, layout_basic
D:2:      layout_basic, kennysheep_generic_room_16
D:3:      layout_loops_corners, cheibrodos_ashenzari_chains, serial_shops,
          nicolae_shop_real_fake_doors, shapermc_ecumenical_altar_acropolis
D:4:      layout_loops_ring, mainiacjoe_overflow_alcove_4,
          fedhas_ov_isle_minmay, serial_shops, nicolae_shop_crystal, shop,
          nicolae_shop_tiny_statue_garden, shop, portal_sewer_entry_e

Skill      XL: |  1  2  3  4 |
---------------+-------------+-----
Short Blades   | 3 |  3.4
Stealth        | 6 7 |  7.1
Fighting       | |  2.4
Throwing       | |  2.3
Armour         | |  0.9
Dodging        | |  1.8

Action                     |  1- 3 |  4- 6 || total
---------------------------+-------+-------++-------
  Melee: Dagger            |    56 |    50 ||   106
    Use: Potion            |       |     3 ||     3
   Stab: Sleeping          |    15 |     7 ||    22
 Armour: Leather armour    |     9 |    12 ||    21
  Dodge: Dodged            |    25 |    45 ||    70
